 Dungeon Crawl Stone Soup version 0.29.1-4-g47bece8355 (webtiles) character file.

Game seed: 139010771706446159

233 retardedninja the Chopper (level 6, -3/53 HPs)
             Began as a Hill Orc Fighter on Dec 9, 2022.
             Succumbed to a water moccasin's poison
             ... on level 4 of the Dungeon.
             The game lasted 00:03:56 (2972 turns).

retardedninja the Chopper (Hill Orc Fighter)        Turns: 2972, Time: 00:03:57

Health: -3/53      AC:  9    Str: 21    XL:     6   Next: 5%
Magic:  6/6        EV:  7    Int:  8    God:
Gold:   129        SH:  4    Dex: 10    Spells: 5/5 levels left

rFire   . . .      SeeInvis .   a - +0 war axe
rCold   . . .      Faith    .   c - +0 buckler
rNeg    . . .      Spirit   .   j - +0 chain mail
rPois   .          Reflect  .   (no helmet)
rElec   .          Harm     .   (no cloak)
rCorr   .          Rampage  .   (no gloves)
Will    .....                   (no boots)
Stlth   ..........              (no amulet)
HPRegen 0.17/turn               (no ring)
MPRegen 0.10/turn               (no ring)

@: lethally poisoned (-3 -> -22)
A: no striking features
a: Convert to Beogh


You were on level 4 of the Dungeon.
You visited 1 branch of the dungeon, and saw 4 of its levels.

You collected 129 gold pieces.

Inventory:

Hand Weapons
 a - a +0 war axe (weapon)
Missiles
 o - 3 javelins (quivered)
Armour
 c - a +0 buckler (worn)
 j - a +0 chain mail (worn)
Scrolls
 e - a scroll of immolation {unknown}
 h - 3 scrolls of identify {unknown}
 k - 3 scrolls of teleportation {unknown}
 p - a scroll of amnesia {unknown}
Potions
 d - 2 potions of might
 f - a potion of resistance {unknown}
 g - a potion of brilliance {unknown}
 i - a potion of flight
 l - a potion of heal wounds
 m - a potion of curing {unknown}
 n - a potion of mutation {unknown}


   Skills:
 + Level 4.6 Fighting
 + Level 5.2 Axes
 + Level 4.7 Armour
 + Level 0.2 Dodging
 + Level 4.1 Shields


You had 5 spell levels left.
You didn't know any spells.
Your spell library contained the following spells:

 Spells                   Type           Power      Damage    Failure   Level
 Necrotise                Necr           0%         1d4       99%         1
 Vampiric Draining        Necr           0%         2d6       100%        3
 Agony                    Necr           0%         N/A       100%        5


Dungeon Overview and Level Annotations

Branches:
Dungeon (4/15)
 Temple: D:4-7

Altars:


Message History

An orc and an ogre come into view.
The orc shouts!
The ogre shouts!
An orc priest comes into view. It is wielding a +0 club.
The orc priest shouts!
The hound bites you but does no damage.
The orc priest looks encouraged for a moment.
A water moccasin comes into view.
You barely miss the hound. You block the hound's attack.
An orc comes into view. It is wielding a +0 trident.
The hound bites you but does no damage.
An orc priest comes into view. It is wielding a +0 flail.
A kobold comes into view. It is wielding a +0 short sword.
The orc priest shouts!
The kobold shouts!
You slash the hound!
The hound is almost dead.
You hear an angry hiss.
The hound barely misses you. The hound bites you.
A phantom comes into view.
You slash the hound!
You kill the hound!
The orc priest threatens, "By the altar or by the axe, you will meet Beogh!"
You hit the ogre. You closely miss the orc.
The ogre hits you with a +0 giant club! The orc barely misses you.
The orc priest invokes the aid of Beogh against you.
Beogh smites you!
Your Axes skill increases to level 5!
You have reached level 6!
You are too injured to fight recklessly!
Unknown command.
You are too injured to fight recklessly!
The water moccasin bites you.
* * * LOW HITPOINT WARNING * * *
You are lethally poisoned!
The water moccasin poisons you! The orc hits you with a +0 club.
* * * LOW HITPOINT WARNING * * *
The ogre hits you with a +0 giant club!
* * * LOW HITPOINT WARNING * * *
Unknown command.
You miss the water moccasin. You hit the ogre. You barely miss the orc.
You die...

.........#####
###.............
...#...........
##.........o... #
.......)....... ..
#.......o.... ..####
#....O..K.... #...#
#)...@So.W...
#...#######)...o.......
#.........))...........
###.##............#....
#.#########........##
#.# ########...
##.###### ## #.......#
#.......#


You could see a water moccasin, an ogre, a phantom, 2 orc priests, 2 orcs and a
kobold.

Vanquished Creatures
  An orc priest (D:3)
  A hound (D:4)
  2 orc wizards (D:3)
  An adder (D:3)
  3 gnolls (D:4)
  A worm (D:2)
  3 dart slugs
  4 orcs
  4 ball pythons
  5 bats (D:1)
  5 endoplasms
  2 giant cockroaches (D:1)
  6 goblins
  8 hobgoblins
  10 kobolds
  5 quokkas
  5 frilled lizards
  3 rats (D:1)
69 creatures vanquished.

Notes
Turn   | Place    | Note
-------+----------+-------------------------------------------
     0 | D:1      | retardedninja the Hill Orc Fighter began the quest for the
                  | Orb.
     0 | D:1      | Reached XP level 1. HP: 19/19 MP: 1/1
    89 | D:1      | Reached XP level 2. HP: 27/27 MP: 2/2
   401 | D:1      | Reached XP level 3. HP: 33/33 MP: 3/3
   813 | D:2      | Reached skill level 3 in Axes
  1365 | D:2      | Reached XP level 4. HP: 35/40 MP: 4/4
  1851 | D:3      | Reached skill level 4 in Axes
  2343 | D:3      | Reached XP level 5. HP: 15/46 MP: 5/5
  2694 | D:3      | Found a faded altar of an unknown god.
  2751 | D:3      | You fall into a shaft and drop 1 floor!
  2966 | D:4      | Noticed an ogre
  2967 | D:4      | Noticed a water moccasin
  2969 | D:4      | Noticed a phantom
  2971 | D:4      | Reached skill level 5 in Axes
  2971 | D:4      | Reached XP level 6. HP: 17/53 MP: 6/6
  2971 | D:4      | HP: 2/53 [ogre/+0 giant club (9)]
  2972 | D:4      | Succumbed to a water moccasin's poison

Illustrated notes

Levels and vault maps discovered:
D:1:      dpeg_arrival_ternary, layout_loops_ring, serial_rivers,
          chequers_serial_rivers_large_a, chequers_serial_rivers_room_b,
          chequers_serial_rivers_room_a, chequers_serial_rivers_micro_c,
          chequers_serial_rivers_micro_e, chequers_serial_rivers_micro_d,
          hangedman_decor_lopped
D:2:      layout_loops_ring, minmay_pentomino_pile
D:3:      layout_basic, basic_ecumenical_altar, minmay_misc_feat_ornament
D:4:      layout_rooms

Skill      XL: |  1  2  3  4  5 |
---------------+----------------+-----
Fighting       | 4 |  4.6
Axes           | 3 4 5 |  5.2
Armour         | 4 |  4.7
Shields        | 4 |  4.1
Dodging        | |  0.2

Action                   |  1- 3 |  4- 6 || total
-------------------------+-------+-------++-------
Melee: War axe           |    94 |   108 ||   202
  Use: Potion            |       |     2 ||     2
Armor: Scale mail        |    27 |       ||    27
       Chain mail        |    21 |    83 ||   104
Dodge: Dodged            |    38 |    47 ||    85
Block: Buckler           |    18 |    18 ||    36
